 Dungeon Crawl Stone Soup version 0.31-a0-1308-ga3cce3a448 (webtiles) character file.

Game seed: 17365188482490545326

54 dialectric the Poker (level 3, -11/25 HPs)
             Began as an Octopode Gladiator on Dec 19, 2023.
             Was a Believer of Sif Muna.
             Killed by divine providence
             ... invoked by an orc priest
              (14 damage)
             ... on level 3 of the Dungeon.
             The game lasted 00:01:12 (899 turns).

dialectric the Poker (Octopode Gladiator)            Turns: 899, Time: 00:01:12

Health: -11/25     AC:  1    Str: 13    XL:     3   Next: 91%
Magic:  3/3        EV: 14    Int: 10    God:    Sif Muna [**....]
Gold:   85         SH:  0    Dex: 15    Spells: 2/2 levels left

rFire   . . .        a - +0 trident
rCold   . . .        (no shield)
rNeg    . . .        b - +0 hat
rPois   .            (no amulet)
rElec   .            (no ring)
rCorr   .            (no ring)
SInv    .            (no ring)
Will    .....        (no ring)
Stlth   ++           (no ring)
HPRegen 0.24/turn    (no ring)
MPRegen 0.08/turn    (no ring)
                     (no ring)

%: no passive effects
@: lethally poisoned (-11 -> -13), hasted, very quick
A: almost no armour, amphibious, 8 rings, camouflage 1, gelatinous body 1,
(nimble swimmer 1), tentacles
a: Renounce Religion, Channel Magic


You were on level 3 of the Dungeon.
You worshipped Sif Muna.
Sif Muna was pleased with you.
You visited 1 branch of the dungeon, and saw 3 of its levels.

You collected 85 gold pieces.

Inventory:

Hand Weapons
 a - a +0 trident (weapon)
Missiles
 c - 3 throwing nets (quivered)
 d - a javelin
Armour
 b - a +0 hat (worn)
Scrolls
 e - a scroll of fear {unknown}
 f - a scroll of brand weapon {unknown}
 g - a scroll of amnesia {unknown}
 k - a scroll of butterflies {unknown}
 m - a scroll of teleportation {unknown}
Potions
 h - a potion of haste
 i - a potion of heal wounds {unknown}
 j - a potion of cancellation {unknown}
 l - 2 potions of resistance {unknown}
 n - a potion of curing {unknown}


   Skills:
 + Level 2.9 Fighting
 + Level 3.5 Polearms
 - Level 2.0 Throwing
 + Level 3.5 Dodging


You had 2 spell levels left.
You didn't know any spells.
Your spell library was empty.

Dungeon Overview and Level Annotations

Branches:
Dungeon (3/15)

Altars:
Sif Muna
Yredelemnul


Innate Abilities, Weirdness & Mutations

You cannot wear most types of armour.
You are amphibious.
You can wear up to eight rings at the same time.
Your skin changes colour to match your surroundings (Stealth+).
Your rubbery body absorbs attacks. (AC +1, EV +1)
((You are camouflaged when in or above water. (Stealth+)))
You have tentacles for arms and can constrict up to eight enemies at once.


Message History

You constrict the adder.
You feel sick. The adder bites you but does no damage.
You hit the adder but do no damage.
The adder is moderately wounded.
You constrict the adder, but do no damage.
You feel sick. The adder bites you.
You are more poisoned.
The adder poisons you! The adder closely misses you.
You hit the adder but do no damage. You squeeze the adder!
The adder is almost dead.
You constrict the adder.
You kill the adder!
Sif Muna accepts your kill.
You feel very sick. The orc completely misses you.
You feel sick.
The orc priest casts a cantrip, but nothing happens.
It was a potion of haste.
You feel yourself speed up.
You feel sick. The orc hits you with a +0 mace.
* * * LOW HITPOINT WARNING * * *
You hit the orc. You grab the orc.
The orc is moderately wounded.
You constrict the orc, but do no damage.
* * * LOW HITPOINT WARNING * * *
You feel sick. The orc closely misses you. The orc barely misses you.
You are too injured to fight recklessly!
You hit the orc but do no damage. You squeeze the orc.
You kill the orc!
Sif Muna accepts your kill.
* * * LOW HITPOINT WARNING * * *
You feel sick. The orc misses you.
Unknown command.
You puncture the orc!
You kill the orc!
Sif Muna accepts your kill.
* * * LOW HITPOINT WARNING * * *
You feel sick.
The orc priest mumbles some strange prayers to Beogh against you.
Beogh smites you!
Ouch! That really hurt!
You die...

♣♣..♣# ♣♣.♣..♣
#♣♣.♣...♣♣ ♣...♣♣♣..♣♣
###♣.♣♣...♣♣.♣
#..♣♣.♣._.♣.♣♣
########....♣....♣♣.♣
..........♣♣.♣♣♣.♣..♣
.......#...♣♣.♣o@.♣♣#
............♣♣.♣)♣♣
.............♣♣.o....#
.........##.#........#
.....................#
............#...<......
............###.#.####.#
........<.......... #
........#...###.#..


You could see an orc priest and an orc.

Vanquished Creatures
  An adder (D:3)
  3 adder zombies (D:3)
  A worm (D:3)
  A dart slug (D:2)
  2 orcs (D:3)
  3 goblins
  3 hobgoblins
  3 quokkas
  6 ball pythons
  A ball python zombie (D:3)
  A bat (D:1)
  3 frilled lizards (D:2)
  2 kobolds
  2 rats
32 creatures vanquished.

Notes
Turn   | Place    | Note
-------+----------+-------------------------------------------
     0 | D:1      | dialectric the Octopode Gladiator began the quest for the
                  | Orb.
     0 | D:1      | Reached XP level 1. HP: 14/14 MP: 1/1
   104 | D:1      | Found a faded altar of an unknown god.
   110 | D:1      | Reached XP level 2. HP: 16/19 MP: 2/2
   309 | D:1      | Prayed at the altar of an unknown god.
   309 | D:1      | Became a worshipper of Sif Muna the Loreminder
   309 | D:1      | Reached * piety under Sif Muna
   714 | D:3      | Reached XP level 3. HP: 25/25 MP: 3/3
   861 | D:3      | Found a basalt altar of Yredelemnul.
   899 | D:3      | Reached ** piety under Sif Muna
   899 | D:3      | Killed from afar by an orc priest

Illustrated notes

Levels and vault maps discovered:
D:1:      mrwooster_arrival_statue_3, layout_rooms, serial_forest,
          infiniplex_forest_straight_5, infiniplex_forest_straight_3,
          infiniplex_forest_lined_room_2, infiniplex_forest_end_double,
          infiniplex_forest_end_2, infiniplex_forest_clump_tiny,
          infiniplex_forest_straight_1, infiniplex_forest_clump_tiny,
          infiniplex_forest_pool, nicolae_ecumenical_snake_handling,
          amcnicky_mini_corridor_feature
D:2:      layout_loops_corners
D:3:      layout_rooms, nicolae_yredelemnul_corpse_copse,
          mainiacjoe_overflow_cross_hatched,
          mainiacjoe_overflow_six_doors_small, uniq_natasha

Action                     || total
---------------------------++-------
  Melee: Trident           ||    68
         Constrict         ||    14
         Tentacles         ||     8
         Punch             ||     1
    Use: Potion            ||     1
   Stab: Sleeping          ||     5
 Armour: Skin              ||    15
  Dodge: Dodged            ||    31

Table legend: (Time is in decaauts)
 A = Elapsed time spent in this place.
 B = Non-inter-level travel time spent in this place.
 C = Inter-level travel time spent in this place.
 D = Time resting spent in this place.
 E = Time spent auto-exploring this place.
 F = Levels seen in this place.
 G = Mean time per level.
                   A        B        C        D        E       F      G
               +--------+--------+--------+--------+--------+-----+--------+
         Total |    906 |    852 |     54 |      0 |    592 |   3 |  302.0 |
       Dungeon |    906 |    852 |     54 |      0 |    592 |   3 |  302.0 |
               +--------+--------+--------+--------+--------+-----+--------+

Top non-repeatable levels by time:
     D:1: 419 daAuts
     D:2: 292 daAuts
     D:3: 195 daAuts
